 Dungeon Crawl Stone Soup version 0.21.0-3-g78d12a8 (webtiles) character file.

2475 Megalobster the Thaumaturge (level 9, -4/49 HPs)
             Began as a Deep Elf Fire Elementalist on Jan 16, 2018.
             Was an Initiate of Vehumet.
             Slain by a polar bear (8 damage)
             ... on level 8 of the Dungeon.
             The game lasted 00:38:27 (9681 turns).

Megalobster the Thaumaturge (DEFE)                  Turns: 9681, Time: 00:38:28

Health: -4/49      AC:  4    Str:  5    XL:     9   Next: 27%
Magic:  8/23       EV: 15    Int: 24    God:    Vehumet [......]
Gold:   186        SH:  4    Dex: 15    Spells: 10/25 levels left

rFire    + . .     SeeInvis .   v - +0 dagger
rCold    + . .     Gourm    .   I - +0 buckler
rNeg     . . .     Faith    .   a - +1 robe
rPois    .         Spirit   .   H - +1 hat
rElec    .         Reflect  .   o - scarf {rC+ rF+}
rCorr    .         Harm     .   (no gloves)
MR       .....                  (no boots)
Stlth    ++........             y - amulet of regeneration
HPRegen  0.56/turn              (no ring)
MPRegen  0.18/turn              (no ring)

@: no status effects
A: no striking features
a: Renounce Religion


You were on level 8 of the Dungeon.
You worshipped Vehumet.
Vehumet was noncommittal.
You were not hungry.

You visited 2 branches of the dungeon, and saw 10 of its levels.

You collected 280 gold pieces.
You spent 94 gold pieces at shops.

Inventory:

Hand Weapons
 v - a +0 dagger (weapon)
 C - a +2 trident of protection
Missiles
 i - 274 stones (quivered)
Armour
 a - a +1 robe (worn)
 d - a +0 shield
 o - a scarf of resistance (worn)
 H - a +1 hat (worn)
 I - a +0 buckler (worn)
Jewellery
 y - an amulet of regeneration (around neck)
 A - an uncursed amulet of magic regeneration {unknown}
Wands
 E - a wand of scattershot (6)
Scrolls
 h - 4 scrolls of remove curse {unknown}
 m - 2 scrolls of magic mapping {unknown}
 n - 2 scrolls of teleportation
 p - 4 scrolls of enchant armour
 q - 2 scrolls of enchant weapon {unknown}
 r - a scroll of amnesia {unknown}
 t - a scroll of blinking {unknown}
 u - 4 scrolls of fear
 w - 3 scrolls of noise {unknown}
 B - a scroll of random uselessness {unknown}
 D - a scroll of vulnerability {unknown}
Potions
 e - 4 potions of curing {@q1}
 f - a potion of resistance {unknown}
 g - 2 potions of berserk rage
 j - 5 potions of might
 k - a potion of ambrosia {unknown}
 s - 2 potions of degeneration {unknown}
 x - a potion of flight {unknown}
 z - 3 potions of heal wounds {unknown}
 F - 2 potions of haste
 G - a potion of brilliance {unknown}
Books
 b - a book of Flames

   Spells                             Type                      Level
   a - Flame Tongue                   Conjuration/Fire             1
   b - Throw Flame                    Conjuration/Fire             2
   c - Conjure Flame                  Conjuration/Fire             3
   d - Inner Flame                    Hexes/Fire                   3
   e - Sticky Flame                   Conjuration/Fire             4
   f - Fireball                       Conjuration/Fire             5
Comestibles
 c - 8 rations
 l - a chunk of flesh


   Skills:
 + Level 2.8 Fighting
 + Level 2.5 Armour
 + Level 5.3 Dodging
 - Level 2.9 Stealth
 + Level 2.5 Shields
 * Level 8.8 Spellcasting
 * Level 5.3 Conjurations
 + Level 7.4 Fire Magic


You had 10 spell levels left.
You knew the following spells:

 Your Spells              Type           Power        Failure   Level  Hunger
g - Sticky Flame          Conj/Fire      #####...     4%          4    ##.....
j - Conjure Flame         Conj/Fire      #####...     1%          3    None
t - Fireball              Conj/Fire      #####.....   14%         5    ####...
u - Throw Flame           Conj/Fire      #####.       1%          2    None
z - Flame Tongue          Conj/Fire      #####        1%          1    None


Dungeon Overview and Level Annotations

Branches:
Dungeon (9/15)             Temple (1/1) D:7            Lair (0/6) D:8
    Orc: D:9-12

Altars:
Ashenzari
Cheibriados
Dithmenos
Elyvilon
Fedhas
Gozag
Hepliaklqana
Kikubaaqudgha
Makhleb
Nemelex Xobeh
Okawaru
Qazlal
Ru
Sif Muna
Trog
Uskayaw
Vehumet
Wu Jian
Xom
Yredelemnul
Zin
The Shining One

Shops:
D:7 [


Message History

Confirm with . or Enter, or press ? or * to list all spells.
Aiming: Flame Tongue
Press: ? - help, Shift-Dir - straight line, f/p - polar bear
Aim: a polar bear (severely wounded, covered in liquid flames)
The flame tongue misses the polar bear.
The polar bear burns!
The polar bear bites you!
* * * LOW HITPOINT WARNING * * *
The polar bear claws you.
* * * LOW HITPOINT WARNING * * *
The polar bear claws you.
* * * LOW HITPOINT WARNING * * *
You take 23 damage, and have 3/49 hp.
MASSIVE DAMAGE!!
You now have 9/23 mp.
Casting: Flame Tongue
Confirm with . or Enter, or press ? or * to list all spells.
Aiming: Flame Tongue
Press: ? - help, Shift-Dir - straight line, f/p - polar bear
Aim: a polar bear (almost dead, covered in liquid flames)
The flame tongue misses the polar bear.
The polar bear burns!
The polar bear bites you!
You die...

......####.......#####
#....#####....####
##..........##
..............##
####.####......###
#.....##........##
#.......#.........#
#......h#..##.......
...._...@..###......
.......#.##......##..#.#
.......#.........# .....
#.....##.....##... .....
###.####..<### #....
.........## #....
..######)## #....
#.######.# #....
#........# #....


You could see a polar bear (burning).

Vanquished Creatures
  A hornet zombie (D:7)
  5 ogres
  A sky beast (D:6)
  The ghost of Nicoed the Charmwright, an amateur GnSk (D:3)
  2 phantoms
  An ice beast (D:6)
  A centaur (D:7)
  Blork the orc (D:6)
  2 bullfrogs (D:7)
  A gnoll sergeant (D:5)
  3 wights (D:6)
  A jelly (D:6)
  An electric eel (D:8)
  A howler monkey (D:6)
  2 bullfrog zombies
  2 orc priests
  4 hounds
  7 orc wizards
  3 iguanas
  4 worker ants
  A bullfrog simulacrum (D:8)
  A centaur simulacrum (D:8)
  A hound zombie (D:8)
  8 gnolls (D:5)
  A howler monkey skeleton (D:5)
  9 adders
  A white imp (D:8)
  A worker ant simulacrum (D:8)
  An ooze (D:2)
  An adder skeleton (D:6)
  3 worms
  2 dart slugs
  4 leopard geckos
  15 orcs
  8 bats
  6 giant cockroaches
  3 hobgoblins
  4 jackals (D:3)
  3 quokkas
  A ball python (D:3)
  A ball python skeleton (D:5)
  6 frilled lizards
  12 goblins
  6 kobolds
  A leopard gecko zombie (D:3)
  A quokka zombie (D:5)
  2 rats
147 creatures vanquished.

Vanquished Creatures (others)
  2 plants (D:8)
2 creatures vanquished.

Grand Total: 149 creatures vanquished

Notes
Turn   | Place    | Note
-------+----------+-------------------------------------------
     0 | D:1      | Megalobster the Deep Elf Fire Elementalist began the quest for the Orb.
     0 | D:1      | Reached XP level 1. HP: 10/10 MP: 6/6
   173 | D:1      | Reached XP level 2. HP: 15/15 MP: 5/8
   177 | D:1      | Learned a level 2 spell: Throw Flame
   868 | D:2      | Reached XP level 3. HP: 17/19 MP: 8/10
   986 | D:2      | Learned a level 3 spell: Conjure Flame
  1375 | D:2      | Reached skill level 4 in Spellcasting
  1734 | D:2      | Reached XP level 4. HP: 24/24 MP: 8/12
  1906 | D:2      | Learned a level 4 spell: Sticky Flame
  1913 | D:3      | Noticed Nicoed's ghost (amateur GnSk)
  2087 | D:3      | Reached XP level 5. HP: 10/28 MP: 2/14
  2500 | D:3      | Reached skill level 5 in Spellcasting
  3264 | D:3      | Killed Nicoed's ghost
  3264 | D:3      | Reached skill level 5 in Fire Magic
  3264 | D:3      | Reached XP level 6. HP: 33/33 MP: 3/16
  3610 | D:4      | Reached skill level 1 in Fighting
  3782 | D:4      | Learned a level 5 spell: Fireball
  3804 | D:4      | Reached skill level 6 in Spellcasting
  4316 | D:4      | Reached XP level 7. HP: 38/38 MP: 12/18
  4723 | D:5      | Entered Level 5 of the Dungeon
  5833 | D:5      | Reached skill level 1 in Shields
  6061 | D:5      | Reached skill level 1 in Armour
  6243 | D:5      | Reached skill level 7 in Spellcasting
  6487 | D:5      | Reached XP level 8. HP: 44/44 MP: 13/20
  6627 | D:6      | Noticed Blork the orc
  7013 | D:6      | Killed Blork the orc
  7358 | D:6      | Reached skill level 8 in Spellcasting
  7616 | D:6      | Found an iron altar of Okawaru.
  7619 | D:6      | Found a glowing golden altar of the Shining One.
  7622 | D:6      | Found a blossoming altar of Fedhas.
  7833 | D:6      | You fall through a shaft for 3 floors!
  7872 | D:8      | Noticed a polar bear
  7877 | D:8      | Found a staircase to the Lair.
  7879 | D:8      | Found an ancient bone altar of Kikubaaqudgha.
  7917 | D:7      | Found a staircase to the Ecumenical Temple.
  7996 | Temple   | Entered the Ecumenical Temple
  8004 | Temple   | Became a worshipper of Vehumet
  8406 | D:7      | Reached skill level 5 in Dodging
  8523 | D:7      | Reached XP level 9. HP: 46/49 MP: 18/23
  8608 | D:7      | Reached skill level 5 in Conjurations
  9082 | D:7      | Found Ilioteem's Antique Armour Shoppe.
  9086 | D:7      | Bought a buckler for 94 gold pieces
  9669 | D:8      | Found an opulent altar of Gozag.
  9681 | D:8      | Slain by a polar bear

Skill      XL: |  1  2  3  4  5  6  7  8  9 |
---------------+----------------------------+-----
Conjurations   | 2 3 4 5 |  5.3
Spellcasting   | 4 5 6 7 8 |  8.8
Fire Magic     | 4 5 6 7 |  7.4
Dodging        | 3 4 5 |  5.3
Fighting       | 1 2 |  2.8
Shields        | 1 2 |  2.5
Armour         | 1 2 |  2.5
Stealth        | |  2.9

Action                   |  1- 3 |  4- 6 |  7- 9 || total
-------------------------+-------+-------+-------++-------
Melee: Dagger            |       |     2 |   270 ||   272
Throw: Stone             |     8 |     6 |     3 ||    17
 Cast: Flame Tongue      |    46 |    90 |   196 ||   332
       Throw Flame       |    12 |    18 |    39 ||    69
       Conjure Flame     |     1 |     3 |    11 ||    15
       Sticky Flame      |       |     2 |    13 ||    15
  Use: Scroll            |       |     1 |     8 ||     9
 Stab: Sleeping          |       |     1 |     1 ||     2
  Eat: Chunk             |     2 |     2 |     5 ||     9
       Ration            |     1 |     1 |     4 ||     6
Armor: Robe              |     3 |     9 |    52 ||    64
Dodge: Dodged            |     8 |    31 |   221 ||   260
